AoeStats
← BOMBERONE

Coastal Forest

510632155Analyzed
3v3 RM · 2d ago on Oct 1, 2026· 31m 39s· 6 players
Game mode
Random Map
Map size
Normal (6 player)
Population
200
Speed
Normal
Resources
Standard
Victory
Conquest
Starting age
Dark Age
Ending age
Imperial Age
RankedLock teamsTeams togetherTeam positionsShared explorationLock speedFull tech treeHidden civsTurbo modeCheats
Victory
Defeat
🇪🇸 Persians · Spain
1032
+12
🇧🇷 Hindustanis · Brazil
955
+15
🇧🇷 Burgundians · Brazil
938
+17
🇳🇱 Franks · Netherlands
957
-15
🇮🇹 Vikings · Italy
955
-44
🇺🇦 Varangians · Ukraine
925
-14
BOMBERONE
14:38 Feudal Age
17:26 Horse Collar
19:30 Double-Bit Axe
Prutser
4:25 Loom
10:39 Feudal Age
19:08 Castle Age
16:57 Fishing Lines
19:43 Gillnets
21:17 Double-Bit Axe
22:08 Gold Mining
27:35 Wheelbarrow
30:26 Bow Saw
31:33 Gold Shaft Mining
Alogib
11:28 Feudal Age
11:01 Loom
11:57 Double-Bit Axe
16:33 Forging
19:42 Castle Age
19:22 Bloodlines
19:06 Stone Mining
19:13 Gold Mining
19:44 Horse Collar
20:42 Bow Saw
21:35 Heavy Plow
22:36 Scale Mail Armor
22:53 Husbandry
23:22 Squires
24:03 Pikeman
28:39 Iron Casting
31:17 Chain Mail Armor
rovaal5
4:33 Loom
9:51 Feudal Age
10:21 Double-Bit Axe
10:47 Fishing Lines
13:36 Fishing Lines
16:12 Bloodlines
18:35 Castle Age
16:47 Horse Collar
17:35 Forging
18:10 Scale Barding Armor
19:06 Husbandry
20:45 Iron Casting
20:42 Gillnets
23:21 Chain Barding Armor
25:16 Wheelbarrow
26:23 Gold Mining
26:26 Stone Mining
26:51 Heavy Plow
27:21 Medium Warships
28:18 Hand Cart
30:22 Bow Saw
31:18 Gold Shaft Mining
33:55 Imperial Age
32:03 Stone Shaft Mining
Balbinot0101711
5:01 Loom
9:32 Feudal Age
10:23 Double-Bit Axe
10:41 Horse Collar
19:26 Bloodlines
21:26 Castle Age
20:39 Scale Barding Armor
20:44 Forging
22:17 Husbandry
22:37 Bow Saw
22:31 Heavy Plow
23:38 Chain Barding Armor
24:17 Gold Mining
26:02 Iron Casting
32:02 Gold Shaft Mining
31:17 Stone Mining
Mineirinha
10:51 Feudal Age
11:51 Double-Bit Axe
18:11 Castle Age
18:17 Forging
18:12 Scale Barding Armor
18:13 Cavalier
20:05 Gold Mining
21:34 Husbandry
26:31 Wheelbarrow
25:42 Loom
28:41 Iron Casting
29:14 Hand Cart
Connection lost

Rejoining the realm…

Still unreachable

The connection could not be restored.

Session expired

The server has moved on; the page needs a fresh start.